 Dungeon Crawl Stone Soup version 0.30.1-3-gfc49f6343a (webtiles) character file.

Game seed: 9327478307350116805

113 Peloso the Covered (level 4, -3/40 HPs)
             Began as a Minotaur Fighter on July 29, 2023.
             Slain by an orc
             ... wielding a +2 mace of protection
              (4 damage)
             ... on level 3 of the Dungeon.
             The game lasted 00:03:09 (2022 turns).

Peloso the Covered (Minotaur Fighter)               Turns: 2022, Time: 00:03:09

Health: -3/40      AC:  9    Str: 21    XL:     4   Next: 65%
Magic:  3/3        EV:  9    Int:  5    God:
Gold:   102        SH:  4    Dex: 11    Spells: 3/3 levels left

rFire   . . .        a - +0 long sword
rCold   . . .        d - +0 buckler
rNeg    . . .        b - +0 scale mail
rPois   .            (helmet restricted)
rElec   .            (no cloak)
rCorr   .            (no gloves)
SInv    .            c - +1 pair of boots
Will    .....        (no amulet) Stlth
                     (no ring)
HPRegen 0.26/turn    (no ring)
MPRegen 0.08/turn

%: no passive effects
@: no status effects
A: horns 2, retaliatory headbutt
a: no special abilities


You were on level 3 of the Dungeon.
You visited 1 branch of the dungeon, and saw 3 of its levels.

You collected 102 gold pieces.

Inventory:

Hand Weapons
 a - a +0 long sword (weapon)
Armour
 b - a +0 scale mail (worn)
 c - a +1 pair of boots (worn)
 d - a +0 buckler (worn)
Jewellery
 l - an amulet of faith
 o - an amulet of guardian spirit
Scrolls
 e - a scroll of teleportation
 f - a scroll of identify
 k - a scroll of immolation
Potions
 j - a potion of might
 m - 2 potions of curing


   Skills:
 + Level 4.1 Fighting
 + Level 4.1 Long Blades
 + Level 4.9 Armour
 + Level 0.6 Dodging
 + Level 0.2 Stealth
 + Level 3.8 Shields


You had 3 spell levels left.
You didn't know any spells.
Your spell library contained the following spells:

 Spells                   Type           Power      Damage    Failure   Level
 Freeze                   Ice            0%         1d3       86%         1
 Summon Forest            Summ/Tloc      0%         N/A       100%        5
 Summon Mana Viper        Hex/Summ       0%         N/A       100%        5
 Summon Cactus Giant      Summ           0%         N/A       100%        6


Dungeon Overview and Level Annotations

Branches:
Dungeon (3/15)

Altars:
Ru


Innate Abilities, Weirdness & Mutations

You have a pair of horns on your head.
You reflexively headbutt those who attack you in melee.


Message History

You hit something. Your headbutt misses something.
You hear some strange, mumbled words.
A magic dart appears from out of thin air!
The magic dart hits you!
You miss something. Something hits you but does no damage.
You miss something. Your headbutt misses something. Something hits you.
Something hits you but does no damage.
You barely miss something. Your headbutt misses something.
You hear some strange, mumbled words.
A magic dart appears from out of thin air!
The magic dart hits you.
You hit something.
Reactivating autopickup.
You feel a bit more experienced.
Your Long Blades skill increases to level 4!
You hit the orc but do no damage.
The orc hits you with a +2 mace of protection.
You slash the orc! Your headbutt misses the orc.
The orc is almost dead.
The orc barely misses you. You block the orc's attack.
You hit the orc but do no damage.
The orc is almost dead.
The orc hits you but does no damage. The orc closely misses you.
The orc hits you with a +2 mace of protection.
* * * LOW HITPOINT WARNING * * *
You block the orc's attack.
You barely miss the orc. Your headbutt misses the orc.
The orc is almost dead.
The orc hits you but does no damage.
The orc hits you from afar with a +0 trident.
* * * LOW HITPOINT WARNING * * *
You closely miss the orc.
The orc is almost dead.
The orc hits you from afar with a +0 trident!
* * * LOW HITPOINT WARNING * * *
The orc hits you but does no damage.
You barely miss the orc. You headbutt the orc, but do no damage.
The orc is almost dead.
The orc hits you with a +2 mace of protection.
You die...

###.#.#.#...#.#
.#...#.#.##....# .
#..#P#..^...#
##<###...#.##^.#.#
..........#..^.#.#
#.######...##^.#.#
#o#...###......#
#o#...# ##.#......
#@#...####.#####.#
####'#..........#
..
#.........#######
#.......#.#
#.......#.#
####+####.# #.#
#.. ###


You could see 2 orcs.

Vanquished Creatures
  An orc wizard (D:3)
  2 adders
  A worm (D:2)
  A dart slug (D:2)
  7 orcs (D:3)
  7 endoplasms
  A giant cockroach (D:2)
  4 goblins
  5 hobgoblins
  3 jackals (D:2)
  A quokka (D:2)
  7 ball pythons
  5 bats
  2 frilled lizards
  3 kobolds
  4 rats
54 creatures vanquished.

Notes
Turn   | Place    | Note
-------+----------+-------------------------------------------
     0 | D:1      | Peloso the Minotaur Fighter began the quest for the Orb.
     0 | D:1      | Reached XP level 1. HP: 19/19 MP: 0/0
   170 | D:1      | Reached XP level 2. HP: 11/27 MP: 1/1
  1329 | D:2      | Found a sacrificial altar of Ru.
  1400 | D:2      | Reached XP level 3. HP: 33/33 MP: 2/2
  1880 | D:3      | Reached XP level 4. HP: 31/40 MP: 3/3
  1948 | D:3      | Found a faded altar of an unknown god.
  1964 | D:3      | Got Plato's Secrets of Freezing
  2021 | D:3      | HP: 1/40 [orc/+0 trident (7)]
  2022 | D:3      | Slain by an orc

Illustrated notes

Levels and vault maps discovered:
D:1:      dpeg_arrival_pond, layout_basic, serial_rivers,
          chequers_serial_rivers_small_b, chequers_serial_rivers_micro_e,
          chequers_serial_rivers_marsh, chequers_serial_rivers_marsh,
          chequers_serial_rivers_micro_e, chequers_serial_rivers_micro_e
D:2:      kennysheep_six_static_rooms, layout_basic, basic_altar,
          dk_noncrumbling_4
D:3:      layout_basic, shapermc_ecumenical_altar_rom_forum,
          wander_ebering_terrifying_dragon_lair

Skill      XL: |  1  2  3  4 |
---------------+-------------+-----
Armour         | 4 |  4.9
Long Blades    | 3 4 |  4.1
Fighting       | 4 |  4.1
Dodging        | |  0.6
Stealth        | |  0.2
Shields        | |  3.8

Action                     |  1- 3 |  4- 6 || total
---------------------------+-------+-------++-------
  Melee: Long sword        |    96 |    47 ||   143
         Headbutt          |    15 |     2 ||    17
    Use: Potion            |     4 |       ||     4
         Scroll            |     6 |       ||     6
 Armour: Scale mail        |    47 |    24 ||    71
  Dodge: Dodged            |    35 |     9 ||    44
  Block: Buckler           |    26 |     2 ||    28
